[Event "Frauenbundesliga 2021-22"]
[Site "Germany"]
[Date "2022.05.28"]
[Round "10.4"]
[White "Obolentseva, Alexandra"]
[Black "Rapport, Jovana"]
[Result "1/2-1/2"]
[ECO "E94"]
[WhiteElo "2305"]
[BlackElo "2294"]
[Annotator "TA"]
[PlyCount "65"]
[EventDate "2021.11.26"]
[EventType "team-tourn"]
[EventCountry "GER"]
[SourceTitle "playchess.com"]
[Source "ChessBase"]
[SourceQuality "1"]
[WhiteTeam "Bad Koenigshofen"]
[BlackTeam "Deizisau"]
[TimeControl "40/5400+30:1800+30"]

1. d4 Nf6 2. c4 g6 3. Nc3 Bg7 4. e4 d6 5. Be2 O-O 6. Nf3 e5 7. O-O Na6 8. Re1 Bg4 9. Be3 {[%emt 0:03:37][%cal Bc1e3,Be3d4,Bd4e5][%mdl 32] E94: King's Indian: Classical: 6 Be2 e5 7 0-0: Various Black 7th moves.} Bxf3 10. Bxf3 exd4 11. Bxd4 {[%emt 0:00:00] White is slightly better.} ({But not} 11. Qxd4 {[#]} Ng4 $1 12. Qd2 (12. e5 Nxe5 13. Qd1 c6 $17) 12... Nxe3 13. Qxe3 Re8 $11) 11... c6 {[%emt 0:00:03] [#]} 12. e5 $146 ({White should play} 12. Qd2 $14) ({Predecessor:} 12. Qd2 Qe7 13. Rad1 Rfd8 14. Qg5 Nc7 15. Qh4 Ne6 16. Be3 Qc7 17. Qg3 Nd7 18. Qxd6 {½-½ (31) Stevens,M (1484)-Eilering,D (1444) LSS email 2011}) 12... dxe5 $11 {[%emt 0:09:06] The position is equal.} 13. Bxe5 Qxd1 14. Raxd1 Rfd8 15. Kf1 Ne8 16. Bxg7 Kxg7 17. Ne4 Rab8 18. a3 Nf6 19. b4 Nxe4 20. Rxe4 Rxd1+ 21. Bxd1 {[%emt 0:00:07][%mdl 4096] Endgame KRB-KRN} Rd8 22. Bf3 Kf8 {[%emt 0:03:57] Inhibits Re7.} 23. Ke2 h5 24. Ke3 Nc7 25. Rd4 Re8+ 26. Kd3 Ke7 27. Kc3 Ne6 28. Rd3 Rc8 29. g3 b6 30. Re3 Kd6 31. Rd3+ Ke7 32. Re3 Kd6 33. Rd3+ {[%emt 0:10:58] Weighted Error Value: White=0.04 (flawless) /Black=0.03 (flawless)} 1/2-1/2

[Event "Frauenbundesliga 2021-22"]
[Site "Germany"]
[Date "2022.05.28"]
[Round "10.6"]
[White "Schoene, Maria"]
[Black "Jelica, Mara"]
[Result "1/2-1/2"]
[ECO "B90"]
[WhiteElo "2222"]
[BlackElo "2121"]
[Annotator "TA"]
[PlyCount "139"]
[EventDate "2021.11.26"]
[EventType "team-tourn"]
[EventCountry "GER"]
[SourceTitle "playchess.com"]
[Source "ChessBase"]
[SourceQuality "1"]
[WhiteTeam "Bad Koenigshofen"]
[BlackTeam "Deizisau"]
[TimeControl "40/5400+30:1800+30"]

1. e4 c5 2. Nf3 d6 3. d4 cxd4 4. Nxd4 Nf6 5. Nc3 a6 6. Be3 e5 7. Nb3 Be6 8. f4 Qc7 9. f5 {[%emt 0:03:56] B90: Sicilian Najdorf: Unusual White 6th moves, 6 Be3 Ng4 and 6 Be3 e5.} Bc4 10. Bxc4 (10. g4 $5 ) 10... Qxc4 11. Qf3 {[%emt 0:00:08] White is slightly better.} b5 12. O-O-O Nbd7 13. Kb1 Rc8 14. Rc1 Be7 {[%emt 0:10:27] [#]} (14... h6) (14... b4 $11 15. Nd2 Qc6) 15. Rhd1 $146 (15. g4 $16) ({Predecessor:} 15. g4 b4 16. Nd2 Qc6 17. Nd5 Nxd5 18. exd5 Qb7 19. g5 Kd8 20. Rhd1 Nb6 21. Bxb6+ Qxb6 {1-0 (49) Abdrashev,A (1767)-Mohammad Fahad,R (2028) Al Ain 2013}) 15... O-O {[%emt 0:11:42] [#]} (15... b4 $11 {remains equal.} 16. Nd2 Qc6) 16. g4 $1 $16 b4 17. Nd2 Qc7 {[%emt 0:05:34] [#]} 18. Nd5 (18. Ne2 $142 $1) 18... Nxd5 19. exd5 f6 {[%emt 0:02:52] Against g5} 20. Ne4 Nb6 (20... Qb7 $16) 21. Bxb6 ({White should try} 21. c3 $18) 21... Qxb6 $14 22. h4 Rc4 23. Rd2 (23. b3 $5 Rc7 24. g5 $14) 23... a5 24. Re1 Rfc8 (24... Kh8 $14) 25. g5 fxg5 26. hxg5 {[%emt 0:05:03] White is much more active.} (26. f6 $16 Bxf6 27. hxg5 (27. Nxf6+ gxf6 28. Qxf6 Rf8 $11) 27... Rxe4 28. Qxe4 Bxg5 29. Rg2 (29. Qf5 Qd8 $14)) 26... Rxe4 $1 $11 27. Qxe4 Bxg5 28. Rg2 Bf6 29. Rg4 Qf2 {[%emt 0:03:30][%cal Oc8c4] Strongly threatening ...Rc4!} 30. Rh1 Rc5 31. Qd3 h5 32. Rg6 h4 33. Rc1 Qd4 34. Qxd4 (34. b3 $11) 34... exd4 {[%emt 0:00:01][%mdl 4096] Endgame KRR-KRB} 35. Rf1 Rxd5 36. Kc1 Kf7 37. Rg4 (37. Kd2 $142) 37... d3 $17 38. cxd3 (38. Kd2 $17) 38... Rxd3 $19 39. Kc2 Re3 40. Rd1 $2 (40. Kd2 Rh3 41. Ke2) 40... Re2+ 41. Rd2 Rxd2+ 42. Kxd2 {[%emt 0:00:04] KR-KB} h3 {[%emt 0:01:43] aiming for ...h2.} 43. Rg3 h2 44. Rh3 Bxb2 $2 (44... Be5 $19 {Hoping for ...Kf6.} 45. Ke3 d5) 45. Rxh2 $11 Kf6 46. Kc2 Be5 47. Rf2 a4 48. Kd3 d5 49. Ke3 $2 (49. Kc2 $11) 49... Bc3 $2 (49... a3 $19 50. Rg2 Kxf5 51. Rf2+ Ke6) 50. Kd3 $1 Be5 51. Ke3 $2 (51. Kc2 $11 {and White is okay.}) 51... Bc3 $2 (51... a3 $19 {Threatens to win with ...Bb2.} 52. Rg2 Kxf5 53. Rf2+ Ke6) 52. Kd3 $1 Ba1 53. Rf1 Be5 54. Rf2 b3 55. axb3 axb3 56. Rf1 Ke7 57. Rb1 b2 58. Rf1 Kd6 59. Kc2 Kc5 60. Kb3 Kd6 61. Kc2 Ke7 62. Rd1 Kf6 63. Rf1 Kg5 64. Kb1 (64. Kb3 $11) 64... Bf4 (64... Bc3 $1 $15) 65. Rg1+ $1 {[%emt 0:00:00] The position is equal.} Kxf5 {[%emt 0:00:40] ...g5 is the strong threat.} 66. Rxg7 Be5 67. Rd7 Ke4 68. Kc2 Bf6 69. Rd6 $1 Be5 70. Rd7 {[%emt 0:00:24] Never resign too early!  Weighted Error Value: White=0.50/Black=0.35} 1/2-1/2

[Event "Frauenbundesliga 2021-22"]
[Site "Germany"]
[Date "2022.05.28"]
[Round "10.7"]
[White "Socko, Monika"]
[Black "Cyfka, Karina"]
[Result "1/2-1/2"]
[ECO "E04"]
[WhiteElo "2384"]
[BlackElo "2404"]
[Annotator "TA"]
[PlyCount "105"]
[EventDate "2021.11.26"]
[EventType "team-tourn"]
[EventCountry "GER"]
[SourceTitle "playchess.com"]
[Source "ChessBase"]
[SourceQuality "1"]
[WhiteTeam "Hamburger SK"]
[BlackTeam "Leipzig"]
[TimeControl "40/5400+30:1800+30"]

1. d4 Nf6 2. c4 e6 3. g3 d5 4. Bg2 dxc4 5. Nf3 Bb4+ 6. Bd2 a5 7. Qc2 {[%emt 0:02:33] E04: Open Catalan: 5 Nf3.} b5 8. a4 $1 bxa4 9. Ne5 {[%emt 0:09:26] [#] White is slightly better.} Bxd2+ $146 (9... Ra6 $1 $14) ({Predecessor:} 9... Ra6 10. Qxa4+ Bd7 11. Nxd7 Qxd7 12. O-O O-O 13. Qxd7 Nfxd7 14. Bxb4 axb4 15. Rxa6 Nxa6 {1-0 (77) Tkachiev,V (2632)-Moiseenko,A (2570) Santo Domingo 2002}) 10. Nxd2 $16 Nd5 11. Qxa4+ Bd7 12. Qxc4 c6 (12... O-O $16 {was worth a try.} 13. Bxd5 exd5 14. Qxd5 Ra6) 13. O-O $18 O-O 14. Nb3 Qb6 15. Nc5 Bc8 16. Rfc1 Ba6 17. Qc2 {[%emt 0:04:58] Black must now prevent Ncd7.} Ra7 {[%emt 0:00:37] Against Ncd7} 18. Qd2 Bb5 19. Ra3 {[%emt 0:01:40] White is much more active.} Rd8 20. g4 Ne7 (20... f6 $16 {is a better defense.}) 21. Rh3 (21. Qf4 Ng6 22. Nxg6 hxg6 $16) 21... Na6 $2 (21... Nd7 {is more resistant.}) 22. Qg5 {[%emt 0:06:28] Strongly threatening Qh5.} Ng6 23. Nxg6 fxg6 {[%emt 0:00:40] [#]} 24. Qh4 $2 (24. Rxh7 $3 Nxc5 25. Qxg6 Rxd4 26. Qh5 (26. Rh5 Rf7 $16)) 24... h6 25. g5 (25. Nxe6 $6 Re8 $18) 25... h5 (25... Nxc5 26. gxh6 (26. dxc5 Qc7 $16) (26. Rxc5 Qxc5 27. dxc5 Rd1+ 28. Bf1 Bxe2 $11) 26... Bxe2) 26. Qe4 (26. Nxe6 Re8 $16) 26... Nxc5 27. dxc5 (27. Rxc5 $18 {and the rest is easy.} Rf7 28. Bf3 (28. Qxe6 Rxd4 29. Rf5 Bc4 $18) (28. Qxg6 Bxe2 29. Rc2 Bg4 $17)) 27... Qc7 $16 28. Qxg6 Qf7 29. Qe4 Qf5 30. Qxf5 exf5 31. Re3 {[%emt 0:00:07] Prevents Re7.} Kf7 32. g6+ (32. b3 $14) 32... Kf6 $1 $15 {[%emt 0:00:48][%mdl 1024] Black has compensation.} ({But not} 32... Kxg6 {[#]} 33. Bxc6 $1 Bxc6 34. Re6+ Kf7 35. Rxc6 $14) 33. Bf3 h4 34. Kg2 Rd2 35. b3 a4 36. bxa4 Rxa4 37. Kh3 Raa2 38. Kxh4 Rac2 (38... Bxe2 $11 {keeps the balance.} 39. Bxc6 Rd4+ 40. Kh3 Bg4+ 41. Kg2 Rdd2) 39. Ra1 (39. Rxc2 $16 Rxc2 40. Kh5) 39... Rxc5 (39... Bxe2 $11 {remains equal.} 40. Rxe2 Rxe2 41. Bxe2 Rxe2) 40. Ra7 {[%emt 0:00:38] Rf7+ is the strong threat.} Rd4+ 41. Kh3 Rd8 (41... Kxg6 $2 42. Re6+ Kh7 43. Ree7 $16) 42. Ree7 Rg8 43. e4 (43. Rad7 $16) 43... Bd3 44. Kg3 Bxe4 {[%emt 0:02:36] The position is equal.} 45. Bxe4 fxe4 46. Rxe4 Kxg6 $11 {[%emt 0:01:22][%mdl 4096] Endgame KRR-KRR} 47. h4 Rc1 48. Ree7 Kh6 49. Re6+ Kh7 50. Rc7 Rf8 51. Rexc6 Rg1+ 52. Kh2 Rf1 53. Rc2 {[%emt 0:09:58] White really could win this.  Weighted Error Value: White=0.32/Black=0.27 (precise)} 1/2-1/2

[Event "Frauenbundesliga 2021-22"]
[Site "Germany"]
[Date "2022.05.28"]
[Round "10.8"]
[White "Kulon, Klaudia"]
[Black "Padmini, Rout"]
[Result "1-0"]
[ECO "A45"]
[WhiteElo "2305"]
[BlackElo "2348"]
[Annotator "TA"]
[PlyCount "61"]
[EventDate "2021.11.26"]
[EventType "team-tourn"]
[EventCountry "GER"]
[SourceTitle "playchess.com"]
[Source "ChessBase"]
[SourceQuality "1"]
[WhiteTeam "Leipzig"]
[BlackTeam "Hamburger SK"]
[TimeControl "40/5400+30:1800+30"]

1. d4 Nf6 2. Bg5 g6 3. Bxf6 exf6 4. c4 d5 5. cxd5 Qxd5 6. Nc3 {[%emt 0:00:06] A45: Trompowsky Attack.} Qd8 7. g3 Bd6 8. Bg2 {[%emt 0:00:52] The position is equal.} c6 9. e3 h5 10. h4 {[%emt 0:07:05] [#]} Bg4 $146 ({Predecessor:} 10... O-O 11. Nge2 Nd7 12. O-O Nb6 13. Rc1 Bg4 14. Ne4 Be7 15. Nc5 Rb8 16. Qc2 Kg7 {0-1 (49) Djordjevic,V (2350)-Mchedlishvili,M (2570) Tornelo INT 2020}) 11. Nge2 Nd7 (11... O-O $11) 12. Qb3 (12. d5 $1 $14) 12... Rb8 $11 13. O-O g5 14. hxg5 fxg5 15. e4 h4 16. e5 $1 Be7 (16... h3 17. Be4 h2+ 18. Kh1 $16) 17. Rfe1 Be6 18. d5 cxd5 19. Bxd5 Nc5 20. Qb5+ Qd7 (20... Kf8 $15 21. Bxe6 a6) 21. Rad1 Qxb5 (21... Rd8 {looks sharper.} 22. Nd4 Qxb5 23. Ndxb5 Kf8) 22. Nxb5 a6 23. Nc7+ Kf8 24. Nd4 hxg3 25. fxg3 {[%emt 0:03:48] [#] Hoping for b4.} ({But not} 25. Ndxe6+ fxe6 26. Bxe6 (26. Nxe6+ Nxe6 27. Bxe6 Bc5 $17) 26... Nxe6 27. Nxe6+ Kf7 $11) 25... Bg4 (25... Bh3 $5 26. Bg2 (26. b4 Rc8 $17) 26... Ne6 27. Bxh3 Nxd4 $14) 26. Rf1 $36 {[%emt 0:01:14][%mdl 2048] White fights for an advantage.} Rh7 27. Rd2 {[%emt 0:01:03][%cal Bd1d2,Bd2h2,Bh2h7,Bh7h8][%mdl 32] Threatens to win with Rh2.} Rc8 $2 {[%emt 0:02:25][%mdl 8192] A mistake that costs the game.} (27... Kg8 $14) 28. Rh2 $18 Rxc7 29. Rxh7 Ke8 30. Rfxf7 Rd7 31. Rh8+ {[%emt 0:00:15] Weighted Error Value: White=0.09 (flawless) /Black=0.74} 1-0

[Event "Frauenbundesliga 2021-22"]
[Site "Germany"]
[Date "2022.05.28"]
[Round "10.9"]
[White "Gaal, Zsoka"]
[Black "Hincu, Olga"]
[Result "1/2-1/2"]
[ECO "E68"]
[WhiteElo "2323"]
[BlackElo "2078"]
[Annotator "TA"]
[PlyCount "137"]
[EventDate "2021.11.26"]
[EventType "team-tourn"]
[EventCountry "GER"]
[SourceTitle "playchess.com"]
[Source "ChessBase"]
[SourceQuality "1"]
[WhiteTeam "Hamburger SK"]
[BlackTeam "Leipzig"]
[TimeControl "40/5400+30:1800+30"]

1. d4 Nf6 2. c4 g6 3. Nf3 Bg7 4. g3 O-O 5. Bg2 d6 6. Nc3 Nbd7 7. O-O e5 8. e4 exd4 9. Nxd4 Ne5 10. b3 Bg4 11. f3 {[%emt 0:02:51] E68: King's Indian: Fianchetto: 6...Nbd7 7 0-0 e5 8 e4.} Bd7 12. Bb2 {[%emt 0:03:47] [#]} Re8 $146 ({Predecessor:} 12... Nc6 13. Nc2 Ne8 14. Na4 Ne5 15. Nc3 Nc6 16. Na4 Ne5 17. Nc3 Nc6 18. Na4 Ne5 {½-½ (18) Nilssen,E (2137)-Ananya,S (1896) New Delhi 2019}) 13. Qc2 {[%emt 0:09:18] White is better.} Qc8 14. Rfe1 h5 15. h4 (15. f4 $1 $16 Nc6 16. Nxc6 bxc6 17. Na4) 15... c6 16. Rad1 Qc7 17. Qf2 Rad8 18. Nde2 Be6 19. Kh1 (19. Qxa7 Ra8 20. Qd4 d5) 19... a6 20. Nf4 b5 21. Nxe6 Rxe6 22. cxb5 axb5 23. Qc2 Qb6 24. a4 b4 (24... bxa4 $11 25. Nxa4 Qb5) 25. Ne2 $14 Ree8 26. Nf4 Bh6 27. Re2 Kh7 28. Red2 c5 (28... d5 $14) 29. Ba1 (29. Bf1 $142) 29... Bg7 30. Nh3 ({Better is} 30. Bf1 $16) 30... Qc7 31. Nf4 (31. Ng5+ $16 Kg8 32. Bf1) 31... Qe7 (31... Qb6 $11) 32. Nd3 (32. Bb2 $16) 32... Nfd7 $11 33. Nxe5 Nxe5 34. Rd5 Nc6 35. Bxg7 Kxg7 36. Qb2+ Nd4 $1 37. R1xd4 cxd4 38. Qxd4+ Kg8 39. Qxb4 (39. Bf1 $11 {keeps the balance.}) 39... Qc7 (39... Rb8 $17 40. Qd4 Rxb3) 40. Bf1 $132 {[%emt 0:01:31][%mdl 2048] White is not holding back} Re5 41. Qc4 Qe7 42. Qd4 Rxd5 (42... g5 {with more complications.} 43. hxg5 Qxg5 44. Kh2 h4) 43. Qxd5 {[%emt 0:00:21][%mdl 4096] Endgame KQR-KQB} Qf6 44. Qd1 Qe5 45. Kg2 d5 46. Bc4 $1 d4 47. Qd3 Qa5 48. Kf2 Qc3 49. Ke2 {[%emt 0:00:20] And now Qxc3 would win.} Qb2+ 50. Kd1 Qa1+ 51. Kd2 Kg7 52. f4 Qg1 53. Kc2 Qf2+ 54. Kb1 Rc8 55. Ka1 Qe3 56. Kb2 $1 Qf2+ 57. Ka3 Rd8 (57... Qg1 $11) 58. Bd5 (58. a5 $14) 58... Qg1 {[%emt 0:01:10] ...Qa1+ is the strong threat.} 59. Kb2 {[%emt 0:00:46] Inhibits Qa1+.} Qf2+ (59... Rc8 $5 60. Bc4 Qg2+ 61. Ka3 Qg1 $11) 60. Ka3 Qg1 {[%emt 0:00:20] aiming for ...Qa1+.} 61. Qc4 $2 {[%emt 0:00:36][%mdl 8192] [#]} (61. Ka2 $11) 61... Qa1+ $1 $19 ({Worse is} 61... Rb8 62. Kb2 $11) 62. Kb4 Rb8+ 63. Ka5 Qc3+ 64. b4 {[%emt 0:00:08] [#]} Ra8+ $3 65. Kb5 Rb8+ (65... Rc8 $142 66. Qxc3 Rxc3) 66. Ka5 $1 {[%emt 0:00:32] Hoping for Qxc3.} Ra8+ 67. Kb5 Rb8+ (67... Rc8 $142 68. Qxc3 Rxc3) 68. Ka5 $1 {[%emt 0:00:19] [#] Black must now prevent Qxc3.} Ra8+ $2 69. Kb5 {[%emt 0:00:15] Weighted Error Value: White=0.18 (very precise) /Black=0.18 (very precise)} 1/2-1/2

[Event "Frauenbundesliga 2021-22"]
[Site "Germany"]
[Date "2022.05.28"]
[Round "10.10"]
[White "Schulz, Petra"]
[Black "Roebers, Eline"]
[Result "0-1"]
[ECO "B51"]
[WhiteElo "1996"]
[BlackElo "2369"]
[Annotator "TA"]
[PlyCount "76"]
[EventDate "2021.11.26"]
[EventType "team-tourn"]
[EventCountry "GER"]
[SourceTitle "playchess.com"]
[Source "ChessBase"]
[SourceQuality "1"]
[WhiteTeam "Leipzig"]
[BlackTeam "Hamburger SK"]
[TimeControl "40/5400+30:1800+30"]

1. e4 c5 2. Nf3 d6 3. Bb5+ Nd7 4. O-O Ngf6 5. Re1 g6 6. c3 {[%emt 0:01:03] B51: Sicilian: Moscow Variation (3 Bb5+) without 3...Bd7.} Bg7 7. d4 cxd4 8. cxd4 {[%emt 0:00:16] White has an edge.} ({But not} 8. Qxd4 O-O $11) ({Much worse is} 8. Nxd4 a6 9. Bf1 O-O $11) 8... O-O 9. Nc3 a6 10. Bd3 b5 11. a3 Bb7 12. h3 Rc8 13. Be3 Nb6 14. Qd2 (14. Bg5 $11) 14... Nc4 (14... d5 $5 15. e5 Ne4 16. Bxe4 dxe4 $15) 15. Bxc4 Rxc4 16. Bh6 Qb6 17. Bxg7 Kxg7 18. b3 Rc7 {[%emt 0:02:56] [#] White must now prevent ...Rfc8.} 19. e5 $146 (19. d5 $11) ({Predecessor:} 19. Rac1 Rfc8 20. d5 Qa5 21. Ne2 Qxa3 22. b4 Rxc1 23. Rxc1 Rxc1+ 24. Nxc1 Nxe4 25. Qd4+ {0-1 (39) Burdot,C (1094)-Korenova,S (1612) Prague 2016}) 19... Nd5 20. Ne4 b4 21. exd6 exd6 22. a4 Nc3 (22... Re8 $17) 23. a5 (23. d5 $1 $11 {keeps the balance.}) 23... Qc6 $36 {[%emt 0:01:04][%mdl 2048] Black has good play.} 24. Ng3 Qd5 {[%emt 0:02:00] Inhibits Nf5+.} 25. Qf4 (25. Re5 $1 $11 dxe5 26. Nh5+ gxh5 27. Qg5+ Kh8 28. Qf6+ Kg8 29. Qg5+ Kh8 30. Qf6+ Kg8 31. Qg5+ Kh8) 25... f5 26. Nf1 Ne4 27. Reb1 $2 {[%emt 0:08:43] [#]} ({Better is} 27. Ne3 $15 Qxb3 28. Reb1) 27... h6 $2 (27... g5 $1 $19 {[%cal Rg5f4] has better winning chances.} 28. Qh2 f4) 28. Ne3 Qe6 {[%emt 0:03:04] Threatens to win with ...g5. Black is more active.} 29. h4 {[%emt 0:04:53] [#] Against g5} (29. d5 $1 $15 Qf6 30. Re1) 29... Qf6 $1 $19 {[%emt 0:00:46] And now ...g5 would win.} 30. Nc4 $2 (30. Rc1 Rc3 31. Rxc3 bxc3 32. Ne1) 30... g5 31. hxg5 hxg5 32. Qe3 (32. Nxg5 $142 Qxg5 33. Qxg5+ Nxg5 34. Ra4) 32... f4 33. Qd3 Rh8 34. Ne1 {[%emt 0:00:35] [#]} Rh1+ $3 35. Kxh1 Nxf2+ 36. Kg1 Nxd3 37. Nxd3 Qxd4+ 38. Nf2 Qd5 {[%emt 0:00:06] Weighted Error Value: White=0.81/Black=0.15 (very precise)} 0-1

[Event "Frauenbundesliga 2021-22"]
[Site "Germany"]
[Date "2022.05.28"]
[Round "10.11"]
[White "Fuchs, Judith"]
[Black "Germann, Heike"]
[Result "1-0"]
[ECO "B07"]
[WhiteElo "2229"]
[BlackElo "1997"]
[Annotator "TA"]
[PlyCount "73"]
[EventDate "2021.11.26"]
[EventType "team-tourn"]
[EventCountry "GER"]
[SourceTitle "playchess.com"]
[Source "ChessBase"]
[SourceQuality "1"]
[WhiteTeam "Hamburger SK"]
[BlackTeam "Leipzig"]
[TimeControl "40/5400+30:1800+30"]

1. d4 Nf6 2. Bf4 g6 3. Nc3 Bg7 4. e4 d6 5. Qd2 Nbd7 6. O-O-O O-O 7. Bh6 e5 8. Bxg7 Kxg7 9. h4 (9. f3) 9... h5 10. f3 c6 11. Nh3 {[%emt 0:07:35] B07: Pirc Defence: Miscellaneous Systems.} b5 {[%emt 0:04:20] [#]} 12. dxe5 $146 (12. Nf2) ({White should try} 12. Ne2 $14) ({Predecessor:} 12. Ng5 Qa5 13. Kb1 b4 14. Ne2 Ba6 15. g4 Rh8 16. gxh5 Nxh5 17. dxe5 Bxe2 18. Bxe2 Qxe5 {1-0 (56) Stefansson,H (2518)-Rasik,V (2424) Marianske Lazne 2022}) 12... dxe5 $11 13. Qd6 {[%emt 0:05:24] The position is equal.} Qb6 14. Kb1 (14. Ng5) (14. a4 {is more complex.} a6 15. Ng5 Qc5 16. Qxc5 Nxc5 17. Rd6) 14... Qc5 15. Be2 (15. a4 $11) 15... Qxd6 (15... Ne8 $15 16. Qd2 Nb6) 16. Rxd6 Bb7 17. Ng5 Nb6 18. Kc1 Rfd8 19. Rhd1 Rxd6 20. Rxd6 Rc8 (20... Ne8 $5 21. Rd2 Bc8 $11) 21. b3 Ne8 22. Rd2 Rc7 23. a4 b4 24. Nd1 a5 (24... Kf8 $14) 25. Nb2 {[%emt 0:01:24] Nc4 is the strong threat. White is more active.} Rd7 {[%emt 0:04:08] [#]} (25... Bc8 $16 {is a better defense.}) 26. Rxd7 $1 $18 Nxd7 27. Nc4 {[%emt 0:00:12] Inhibits Nb6.} Ba6 28. Nxe5 Bxe2 (28... Nxe5 {was called for.} 29. Bxa6 Nc7) 29. Nxd7 {[%emt 0:00:02][%mdl 4096] Endgame KBN-KNN} Nc7 30. Nc5 Bf1 31. g3 Bg2 (31... Be2 $142 32. e5 Ba6) 32. Kd2 {[%emt 0:01:40] White is clearly winning.} f6 33. Nge6+ Nxe6 34. Nxe6+ Kg8 35. Ke3 Bh3 36. Nd8 Bd7 37. Nb7 {[%emt 0:00:05] Weighted Error Value: White=0.13 (very precise) /Black=0.38} 1-0

[Event "Frauenbundesliga 2021-22"]
[Site "Germany"]
[Date "2022.05.28"]
[Round "10.12"]
[White "Daemering, Katrin"]
[Black "Wulf, Constanze"]
[Result "1-0"]
[ECO "B99"]
[WhiteElo "1966"]
[BlackElo "1842"]
[Annotator "TA"]
[PlyCount "51"]
[EventDate "2021.11.26"]
[EventType "team-tourn"]
[EventCountry "GER"]
[SourceTitle "playchess.com"]
[Source "ChessBase"]
[SourceQuality "1"]
[WhiteTeam "Leipzig"]
[BlackTeam "Hamburger SK"]
[TimeControl "40/5400+30:1800+30"]

1. e4 c5 2. Nf3 d6 3. d4 cxd4 4. Nxd4 Nf6 5. Nc3 a6 6. Bg5 e6 7. f4 Be7 8. Qf3 Qc7 9. O-O-O Nbd7 10. Kb1 {[%emt 0:02:54] B99: Sicilian Najdorf: 6 Bg5 e6 7 f4 Be7 8 Qf3 Qc7 9 0-0-0 Nbd7.} (10. g4 $14) 10... b5 $11 11. Bd3 b4 12. Nce2 {[%emt 0:02:54] The position is equal.} Bb7 13. Rhe1 Nc5 14. Bxf6 Bxf6 15. g4 O-O (15... h6 $15) 16. g5 Be7 {[%emt 0:00:18] [#]} 17. Rg1 $146 (17. Qg4 $11 {feels stronger.}) ({Predecessor:} 17. Ng3 a5 18. f5 Bxg5 19. Qg4 Bf6 20. Nb5 Qb6 21. Nh5 Be5 22. Bc4 Nxe4 23. Rxe4 exf5 24. Qxf5 {0-1 (42) Larkin,K (1838)-Garcia Casillas,C (1808) Quebec 2017}) 17... Rfd8 ({Black should try} 17... Rac8 $15) 18. Rg3 (18. h4 $11) 18... e5 (18... g6 $17) 19. Nf5 $14 {[%emt 0:05:01] [#] aiming for fxe5.} d5 20. exd5 (20. Nxe7+ Qxe7 21. exd5 e4 $17) 20... Bxd5 $2 ({Better is} 20... Nxd3 $14 21. Rxd3 (21. Nxe7+ Qxe7 22. Rxd3 e4 $15) 21... Rac8) 21. Nxe7+ $18 Qxe7 22. Bxh7+ $1 Kxh7 $2 {[%emt 0:02:57] [#]} (22... Kf8 {was worth a try.} 23. Rxd5 Rxd5) 23. Rxd5 Rxd5 $2 (23... g6 24. Rxe5 (24. fxe5 Rxd5 25. Qxd5 Rd8 $14) 24... Qd6) 24. Qxd5 $2 (24. Rh3+ $18 {and White stays clearly on top.} Kg8 25. Qh5 (25. Qxd5 Rd8 $11)) 24... Re8 $2 (24... Rd8 $16 25. g6+ (25. Qxe5 Qxe5 26. fxe5 Rd1+ 27. Nc1 Ne4 $11) 25... Kg8 26. gxf7+ (26. Qxe5 Qxe5 27. gxf7+ Kf8 $17) 26... Kf8) 25. g6+ Kh8 $2 (25... Kg8 $18 26. fxe5 Ne6) 26. gxf7 {[%emt 0:01:00] Weighted Error Value: White=0.90/Black=1.18} 1-0